 Dungeon Crawl Stone Soup version 0.23.1 (webtiles) character file.

Game seed: 4391295470084518694

158 esteth the Charmwright (level 5, 0/43 HPs)
             Began as a Gnoll Skald on Mar 15, 2019.
             Slain by an ice beast (7 damage)
             ... on level 2 of the Dungeon.
             The game lasted 00:04:14 (1475 turns).

esteth the Charmwright (Gnoll Skald)                Turns: 1475, Time: 00:04:15

Health: 0/43       AC:  4    Str: 13    XL:     5   Next: 40%
Magic:  4/12       EV: 14    Int: 16    God:
Gold:   75         SH:  0    Dex: 15    Spells: 11/14 levels left

rFire    . . .     SeeInvis .   a - +1 hand axe
rCold    . . .     Gourm    .   (no shield)
rNeg     . . .     Faith    .   b - +0 leather armour
rPois    .         Spirit   .   m - +0 helmet (curse)
rElec    .         Reflect  .   (no cloak)
rCorr    .         Harm     .   (no gloves)
MR       .....                  (no boots)
Stlth    ++........             (no amulet)
HPRegen  0.14/turn              c - ring of wizardry
MPRegen  0.13/turn              (no ring)

@: lethally poisoned (0 -> -3), infused, singing
A: distributed training, fangs 1, strong nose
a: no special abilities


You were on level 2 of the Dungeon.
You were not hungry.

You visited 1 branch of the dungeon, and saw 3 of its levels.

You collected 75 gold pieces.

Inventory:

Hand Weapons
 a - a +1 hand axe (weapon)
Armour
 b - a +0 leather armour (worn)
 m - a cursed +0 helmet (worn)
Jewellery
 c - a ring of wizardry (left hand)
 o - an uncursed ring of ice
Scrolls
 g - a scroll of amnesia {unknown}
 h - a scroll of remove curse {unknown}
 i - a scroll of enchant weapon
 k - 4 scrolls of identify
 l - 3 scrolls of teleportation {unknown}
 n - a scroll of noise {unknown}
Potions
 j - a potion of agility {unknown}
 p - a potion of might {unknown}
Comestibles
 d - 5 rations
 f - a chunk of flesh


   Skills:
 + Level 4.7 Fighting
 + Level 1.4 Short Blades
 + Level 1.4 Long Blades
 + Level 4.7 Axes
 + Level 1.4 Maces & Flails
 + Level 1.4 Polearms
 + Level 1.4 Staves
 + Level 1.4 Slings
 + Level 1.4 Bows
 + Level 1.4 Crossbows
 + Level 1.4 Throwing
 + Level 2.9 Armour
 + Level 4.7 Dodging
 + Level 1.4 Stealth
 + Level 1.4 Shields
 + Level 1.4 Unarmed Combat
 + Level 5.2 Spellcasting
 + Level 1.1 Conjurations
 + Level 1.1 Hexes
 + Level 5.5 Charms
 + Level 1.1 Summonings
 + Level 1.1 Necromancy
 + Level 1.1 Translocations
 + Level 1.1 Transmutations
 + Level 1.1 Fire Magic
 + Level 1.1 Ice Magic
 + Level 1.1 Air Magic
 + Level 1.1 Earth Magic
 + Level 1.1 Poison Magic
 + Level 1.6 Invocations
 + Level 1.4 Evocations


You had 11 spell levels left.
You knew the following spells:

 Your Spells              Type           Power        Failure   Level  Hunger
a - Infusion              Chrm           ###.         1%          1    None
b - Song of Slaying       Chrm           ###.....     1%          2    #......

Your spell library contained the following spells:

 Spells                   Type           Power        Failure   Level  Hunger
 Shroud of Golubria       Chrm/Tloc      ##........   3%          2    #......
 Regeneration             Chrm/Necr      ##........   6%          3    ###....
 Spectral Weapon          Hex/Chrm       ##......     6%          3    ###....


Dungeon Overview and Level Annotations

Branches:
Dungeon (3/15)

Altars:
Sif Muna
Trog
The Shining One

Annotations:
D:2 exclusion: ice beast


Innate Abilities, Weirdness & Mutations

Your experience applies equally to all skills.
You have very sharp teeth.
Your uncanny sense of smell can sniff out nearby items.


Message History

Okay, then.
You closely miss the ice beast.
The ice beast is moderately wounded.
You feel sick. The ice beast barely misses you.
You closely miss the ice beast.
The ice beast is moderately wounded.
You feel sick.
The ice beast hits you but does no damage.
You barely miss the ice beast.
The ice beast is moderately wounded.
The ice beast misses you.
You hit the ice beast!
The ice beast is heavily wounded.
You feel sick. The ice beast barely misses you.
You hit the ice beast! Your bite misses the ice beast.
The ice beast is almost dead.
The ice beast hits you.
* * * LOW HITPOINT WARNING * * *
The ice beast freezes you!
You die...

#..# #..#.#.######≈≈.≈≈## ##..##
##.####...#.## ###'### ##...#.
###...##..##..#######.#####......
..###.......#..##........#.......
..# ##.##.#..#.##^######.........
..# ##.##...)#.................(.
).###..####....#...########......
.÷.............[.#..########...#.
..###.#######...@Y.......########
..##..# #.####..####(..######
..##.## #.# ##.# ###.##....
..##.# #.# #.# ##......### ..#..#
### #.#.Y..####.... .#..## #...#
##### .#.## #..## ...# ##.# ####
##


You could see an ice beast.

Vanquished Creatures
  An orc priest (D:2)
  A worker ant (D:3)
  4 adders (D:2)
  An ooze (D:1)
  A worm (D:2)
  2 dart slugs (D:2)
  2 orcs
  4 giant cockroaches
  9 jackals
  3 bats
  2 frilled lizards
  9 goblins
  6 kobolds
  13 rats (D:1)
58 creatures vanquished.

Notes
Turn   | Place    | Note
-------+----------+-------------------------------------------
     0 | D:1      | esteth the Gnoll Skald began the quest for the Orb.
     0 | D:1      | Reached XP level 1. HP: 20/20 MP: 6/6
    69 | D:1      | Reached XP level 2. HP: 22/26 MP: 7/7
    78 | D:1      | Learned a level 2 spell: Song of Slaying
   365 | D:1      | Reached XP level 3. HP: 28/31 MP: 9/9
   370 | D:1      | Reached skill level 5 in Spellcasting
   693 | D:2      | Reached skill level 1 in Invocations
   812 | D:2      | Found a glowing golden altar of the Shining One.
   830 | D:2      | Noticed an ice beast
   838 | D:2      | Found a bloodstained altar of Trog.
   987 | D:2      | Found a deep blue altar of Sif Muna.
  1047 | D:2      | Reached skill level 1 in Short Blades
  1047 | D:2      | Reached skill level 1 in Long Blades
  1047 | D:2      | Reached skill level 1 in Maces & Flails
  1047 | D:2      | Reached skill level 1 in Polearms
  1047 | D:2      | Reached skill level 1 in Staves
  1047 | D:2      | Reached skill level 1 in Slings
  1047 | D:2      | Reached skill level 1 in Bows
  1047 | D:2      | Reached skill level 1 in Crossbows
  1047 | D:2      | Reached skill level 1 in Throwing
  1047 | D:2      | Reached skill level 1 in Stealth
  1047 | D:2      | Reached skill level 1 in Shields
  1047 | D:2      | Reached skill level 1 in Unarmed Combat
  1047 | D:2      | Reached skill level 1 in Evocations
  1047 | D:2      | Reached XP level 4. HP: 32/38 MP: 11/11
  1373 | D:3      | Reached skill level 1 in Conjurations
  1373 | D:3      | Reached skill level 1 in Hexes
  1373 | D:3      | Reached skill level 1 in Summonings
  1373 | D:3      | Reached skill level 1 in Necromancy
  1373 | D:3      | Reached skill level 1 in Translocations
  1373 | D:3      | Reached skill level 1 in Transmutations
  1373 | D:3      | Reached skill level 1 in Fire Magic
  1373 | D:3      | Reached skill level 1 in Ice Magic
  1373 | D:3      | Reached skill level 1 in Air Magic
  1373 | D:3      | Reached skill level 1 in Earth Magic
  1373 | D:3      | Reached skill level 1 in Poison Magic
  1373 | D:3      | Reached XP level 5. HP: 36/43 MP: 1/12
  1475 | D:2      | Slain by an ice beast

Skill      XL: |  1  2  3  4 |
---------------+-------------+-----
Spellcasting   | 5 |  5.2
Invocations    | 1 |  1.6
Short Blades   | 1 |  1.4
Long Blades    | 1 |  1.4
Maces & Flails | 1 |  1.4
Polearms       | 1 |  1.4
Staves         | 1 |  1.4
Slings         | 1 |  1.4
Bows           | 1 |  1.4
Crossbows      | 1 |  1.4
Throwing       | 1 |  1.4
Stealth        | 1 |  1.4
Shields        | 1 |  1.4
Unarmed Combat | 1 |  1.4
Evocations     | 1 |  1.4
Conjurations   | 1 |  1.1
Hexes          | 1 |  1.1
Summonings     | 1 |  1.1
Necromancy     | 1 |  1.1
Translocations | 1 |  1.1
Transmutations | 1 |  1.1
Fire Magic     | 1 |  1.1
Ice Magic      | 1 |  1.1
Air Magic      | 1 |  1.1
Earth Magic    | 1 |  1.1
Poison Magic   | 1 |  1.1
Fighting       | |  4.7
Axes           | |  4.7
Armour         | |  2.9
Dodging        | |  4.7
Charms         | |  5.5

Action                   |  1- 3 |  4- 6 || total
-------------------------+-------+-------++-------
Melee: Hand axe          |    99 |    63 ||   162
       Bite              |    11 |     4 ||    15
       Punch             |     1 |     1 ||     2
 Cast: Infusion          |     2 |     3 ||     5
       Song of Slaying   |       |     2 ||     2
  Use: Scroll            |       |     2 ||     2
       Potion            |       |     2 ||     2
 Stab: Sleeping          |     1 |     2 ||     3
       Distracted        |     1 |       ||     1
  Eat: Chunk             |       |     2 ||     2
Armor: Leather armour    |    27 |    17 ||    44
Dodge: Dodged            |    80 |    75 ||   155
